 Dungeon Crawl Stone Soup version 0.18-a0-373-gaf408bd (webtiles) character file.

689 Duffy the Quickloader (level 7, -2/46 HPs)
             Began as a Kobold Hunter on Nov 30, 2015.
             Was an Initiate of Trog.
             Slain by an orc wizard
             ... wielding a +0 dagger
              (3 damage)
             ... on level 5 of the Dungeon.
             The game lasted 00:07:43 (6177 turns).

Duffy the Quickloader (Kobold Hunter)               Turns: 6177, Time: 00:07:44

Health: -2/46      AC:  5    Str: 15    XL:     7   Next: 95%
Magic:  7/7        EV: 15    Int:  9    God:    Trog [......]
Gold:   163        SH:  0    Dex: 18    Spells: 0 memorised, 6 levels left

rFire  + . .     SeeInvis .     b - +0 short sword
rCold  . . .     Clarity  .     E - +0 ring mail of Guinigg Ytre {rF+ rCorr Str+4} (curse)
rNeg   . . .     SustAt   .     (shield restricted)
rPois  .         Gourm    .     (no helmet)
rElec  .         Spirit   .     (no cloak)
rCorr  +         Warding  .     (no gloves)
rMut   .         Stasis   .     (no boots)
MR     .....                    (no amulet)
Stlth  ++........               (no ring)
                                (no ring)

@: slowed, very slow, not resistant to hostile enchantments, unstealthy
A: carnivore 3
a: Burn Spellbooks, Renounce Religion


You were on level 5 of the Dungeon.
You worshipped Trog.
Trog was noncommittal.
You were very full.

You visited 2 branches of the dungeon, and saw 6 of its levels.

You collected 163 gold pieces.


Innate Abilities, Weirdness & Mutations

You are small and have problems with some larger weapons.
You are carnivorous and can eat meat at any time.


   Skills:
 - Level 6.0 Fighting
 + Level 8.4 Crossbows
 + Level 3.6 Dodging
 - Level 1.5 Stealth


You had 6 spell levels left.
You didn't know any spells.

Inventory:

Hand Weapons
 a - a +1 hand crossbow
 b - a +0 short sword (weapon)
 u - a +0 flail
 v - a cursed -2 blowgun
 x - a +3 dagger of draining
Missiles
 d - 35 bolts
 w - 7 curare-tipped needles
Armour
 c - a +0 leather armour
 n - a +0 ring mail
 E - the cursed +0 ring mail of Guinigg Ytre (worn) {rF+ rCorr Str+4}

   It affects your strength (+4).
   It protects you from fire.
   It protects you from acid and corrosion.
   It has a curse placed upon it.
Jewellery
 o - an uncursed ring of ice
Wands
 F - a wand of random effects (26)
Scrolls
 f - 3 scrolls of teleportation {unknown}
 j - 2 scrolls of fear
 p - 2 scrolls of enchant armour {unknown}
 r - 2 scrolls of remove curse
 y - a scroll of noise {unknown}
 B - 4 scrolls of enchant weapon
Potions
 h - 2 potions of curing {unknown}
 i - a potion of invisibility {unknown}
 k - a potion of magic {unknown}
 l - a potion of mutation {unknown}
 m - a potion of cure mutation {unknown}
 s - 2 potions of might
 t - 2 potions of haste
 z - 2 potions of poison
 A - a potion of degeneration {unknown}
 C - a potion of agility {unknown}
 D - a potion of brilliance {unknown}
Comestibles
 e - 2 meat rations
 g - a beef jerky
 q - a slice of pizza

Dungeon Overview and Level Annotations

Branches:
Dungeon (5/15)             Temple (1/1) D:4

Altars:
Ashenzari
Cheibriados
Fedhas
Gozag
Kikubaaqudgha
Qazlal
Ru
Trog
Vehumet
Xom
Yredelemnul
Zin
The Shining One

Shops:
D:4 [


Message History

The orc wizard hits you with a dagger. The orc barely misses you.
You hit the orc wizard but do no damage.
The orc wizard hits you but does no damage.
The orc wizard points at you and mumbles some strange words.
You feel yourself slow down.
The orc wizard hits you but does no damage. x2
The orc hits you with a falchion.
You closely miss the orc wizard. The orc wizard barely misses you.
The orc wizard hits you but does no damage.
The orc wizard hits you with a dagger.
The orc wizard points at you and mumbles some strange words.
You resist with some effort. The orc wizard casts a spell at you.
The magic dart hits you! The orc barely misses you.
The orc wizard barely misses you.
You hit the orc wizard.
The orc wizard is moderately wounded.
The orc wizard misses you. The orc wizard hits you with a dagger.
The orc wizard misses you. The orc wizard closely misses you.
The orc closely misses you. The orc wizard barely misses you.
The orc wizard misses you. The orc wizard closely misses you.
The orc hits you with a falchion.
You hit the orc wizard.
The orc wizard is moderately wounded.
The orc wizard hits you but does no damage.
The orc wizard closely misses you.
The orc wizard gestures at you while chanting.
You resist with some effort. The orc wizard casts a spell at you.
The magic dart hits you!
The orc wizard mumbles some strange words.
The orc wizard blinks!
The giant newt misses you. The orc misses you.
The orc wizard hits you but does no damage.
The orc wizard hits you with a dagger.
You die...

#.###### #...o..# #.
####......# #...
...##...$.....## #....#
..Oo...........##......#
......##.......#.......#
##### #...............##
#...o0l..........#
#..#.o@...........#
#.###.o...........# #..
###...........# ...#
#............# ....
#...........#### ....
#...............
#................
#................
####........#####


You could see 3 orc wizards, an orc and a giant newt.

Action                   |  1- 3 |  4- 6 |  7- 9 || total
-------------------------+-------+-------+-------++-------
Melee: Short sword       |    63 |   105 |    32 ||   200
       Flail             |       |    12 |       ||    12
       Dagger            |       |    44 |   100 ||   144
 Fire: Hand crossbow     |    13 |    49 |     5 ||    67
  Use: Scroll            |       |       |     6 ||     6
 Stab: Sleeping          |     5 |     1 |       ||     6
  Eat: Chunk             |     1 |    18 |     4 ||    23

Notes
Turn   | Place    | Note
--------------------------------------------------------------
     0 | D:1      | Duffy the Kobold Hunter began the quest for the Orb.
     0 | D:1      | Reached XP level 1. HP: 12/12 MP: 1/1
   201 | D:1      | Reached skill level 5 in Crossbows
   308 | D:1      | Found a shattered altar of Ashenzari.
   405 | D:1      | Reached XP level 2. HP: 18/18 MP: 2/2
  1115 | D:2      | Reached skill level 3 in Fighting
  1115 | D:2      | Reached XP level 3. HP: 21/23 MP: 3/3
  1308 | D:2      | Reached XP level 4. HP: 28/28 MP: 4/4
  1340 | D:2      | Found a radiant altar of Vehumet.
  1343 | D:2      | Found a glowing silver altar of Zin.
  1445 | D:2      | Noticed Jessica
  1452 | D:2      | Killed Jessica
  1706 | D:2      | Found a basalt altar of Yredelemnul.
  2121 | D:3      | Reached skill level 4 in Fighting
  2121 | D:3      | Reached skill level 6 in Crossbows
  2121 | D:3      | Reached XP level 5. HP: 33/33 MP: 5/5
  2968 | D:3      | Reached XP level 6. HP: 1/39 MP: 6/6
  3556 | D:4      | Found Beupn's Armour Boutique.
  3568 | D:3      | Reached skill level 5 in Fighting
  3568 | D:3      | Reached skill level 7 in Crossbows
  4140 | D:3      | Reached XP level 7. HP: 20/44 MP: 7/7
  4317 | D:4      | Found an opulent altar of Gozag.
  4350 | D:4      | Found a shimmering altar of Xom.
  4549 | D:4      | Reached skill level 6 in Fighting
  4773 | D:4      | Reached skill level 8 in Crossbows
  4815 | D:4      | Found a staircase to the Ecumenical Temple.
  4824 | Temple   | Entered the Ecumenical Temple
  5050 | Temple   | Became a worshipper of Trog the Wrathful
  5132 | D:4      | Got a dazzling ring mail
  5143 | D:4      | Identified the cursed +0 ring mail of Guinigg Ytre {rF+ rCorr Str+4} (You found it on level 4 of the Dungeon)
  5872 | D:5      | Entered Level 5 of the Dungeon
  5878 | D:5      | Reached skill level 3 in Dodging
  6177 | D:5      | Slain by an orc wizard

Vault maps used:
D:1:      dpeg_arrival_line_fractal, minmay_misc_feat_rugged, minivault_11,
          hangedman_decor_riveting, evilmike_ruin_ashenzari
D:2:      grunt_temple_overflow_open, yredelemnul_forgotten_temple_becter,
          first_bread, serial_glass, glass_columns_a, glass_columns_c,
          nrook_mini_backslash, patterned_corridor, uniq_jessica
D:4:      xom_butterflies, lemuel_crystal_altar, minmay_temple_entry_glass,
          serial_shops, shop, saegor_snake_ambush
D:5:      serial_shops, shop
Temple:   hc_temple_tempest_star

Vanquished Creatures
  2 ogres
  A hound
  4 orc wizards
  A centaur skeleton
  A centaur zombie Jessica
  A giant frog skeleton
  2 iguanas
  A worker ant
  11 adders
  5 worms
  A giant gecko
  17 orcs
  4 goblins
  7 hobgoblins
  4 quokkas
  A ball python
  4 bats
  3 giant newts
  7 jackals
  A jackal skeleton
  9 kobolds
  8 rats
  A spectral orc
  A plant
98 creatures vanquished.
